 Dungeon Crawl Stone Soup version 0.30.0-5-g1a98f26d00 (webtiles) character file.

Game seed: 1370000180140735314

2324 jimonade the Thaumaturge (level 9, -2/45 HPs)
             Began as a Deep Elf Conjurer on May 9, 2023.
             Killed by divine providence
             ... invoked by an orc priest
              (13 damage)
             ... on level 6 of the Dungeon on May 10, 2023.
             The game lasted 00:26:13 (7989 turns).

jimonade the Thaumaturge (Deep Elf Conjurer)        Turns: 7989, Time: 00:26:14

Health: -2/45      AC:  4    Str:  4    XL:     9   Next: 19%
Magic:  11/24      EV: 14    Int: 28    God:
Gold:   354        SH:  0    Dex: 19    Spells: 8/27 levels left

rFire   . . .        a - staff of conjuration
rCold   . . .        (no shield)
rNeg    + . .        n - +0 robe
rPois   .            k - +2 hat
rElec   .            D - scarf {repulsion}
rCorr   .            (no gloves)
SInv    .            (no boots)
Will    .....        (no amulet)
Stlth   ++           g - ring of positive energy
HPRegen 0.27/turn    u - +6 ring of dexterity
MPRegen 0.19/turn

%: repel missiles
@: no status effects
A: no striking features
a: no special abilities


You were on level 6 of the Dungeon.
You visited 1 branch of the dungeon, and saw 6 of its levels.

You collected 354 gold pieces.

Inventory:

Hand Weapons
 b - a +5 short sword
 p - a +0 short sword
 q - a +0 dagger
 t - a +0 sling
 G - a +0 quarterstaff
 P - a +1 heavy war axe
Missiles
 o - 6 boomerangs
 N - 7 poisoned darts
 Q - 3 curare-tipped darts
Armour
 k - a +2 hat (worn)
 m - a +0 ring mail
 n - a +0 robe (worn)
 x - a +0 cloak
 A - a +0 ring mail
 D - a scarf of repulsion (worn)
 L - an orb of energy
Magical Staves
 a - a staff of conjuration (weapon)
Jewellery
 g - a ring of positive energy (left hand)
 u - a +6 ring of dexterity (right hand)
Wands
 y - a wand of mindburst (7)
 K - a wand of flame (28)
Scrolls
 f - a scroll of acquirement {unknown}
 h - a scroll of identify {unknown}
 l - 2 scrolls of fog {unknown}
 r - a scroll of vulnerability {unknown}
 s - 2 scrolls of poison {unknown}
 w - a scroll of enchant armour {unknown}
 B - a scroll of blinking {unknown}
 C - a scroll of magic mapping {unknown}
 E - 3 scrolls of teleportation
 J - a scroll of fear {unknown}
 M - 2 scrolls of immolation {unknown}
 O - 2 scrolls of torment {unknown}
Potions
 c - a potion of brilliance {unknown}
 d - 2 potions of might {unknown}
 e - a potion of berserk rage {unknown}
 i - a potion of flight {unknown}
 j - a potion of resistance {unknown}
 v - a potion of degeneration {unknown}
 z - a potion of magic
 F - a potion of ambrosia {unknown}
 H - 3 potions of attraction {unknown}
 I - a potion of lignification {unknown}


   Skills:
 + Level 0.3 Fighting
 + Level 3.9 Dodging
 - Level 2.5 Stealth
 + Level 9.5 Spellcasting
 * Level 7.9 Conjurations
 * Level 2.0 Hexes
 + Level 5.6 Summonings
 * Level 1.9 Translocations
 + Level 3.0 Air Magic
 + Level 3.4 Poison Magic
 + Level 0.4 Evocations


You had 8 spell levels left.
You knew the following spells:

 Your Spells              Type           Power      Damage    Failure   Level
a - Magic Dart            Conj           100%       1d8       1%          1
b - Searing Ray           Conj           100%       2d8       1%          2
c - Call Canine Familiar  Summ           44%        N/A       1%          3
d - Poisonous Vapours     Pois/Air       62%        N/A       1%          2
e - Mephitic Cloud        Conj/Pois/Air  57%        N/A       1%          3
f - Fulminant Prism       Conj/Hex       29%        3d14      5%          4
g - Iskenderun's Mystic   Conj/Tloc      57%        2d12      5%          4

Your spell library contained the following spells:

 Spells                   Type           Power      Damage    Failure   Level
 Kiss of Death            Conj/Necr      100%       2d13      1%          1
 Dazzling Flash           Conj/Hex       100%       N/A       1%          3
 Confusing Touch          Hex            24%        N/A       5%          3
 Portal Projectile        Hex/Tloc       48%        N/A       5%          3
 Freezing Cloud           Conj/Ice/Air   25%        6-21      26%         5
 Leda's Liquefaction      Hex/Erth       9%         N/A       28%         4
 Dispel Undead            Necr           13%        3d9       38%         4


Dungeon Overview and Level Annotations

Branches:
Dungeon (6/15)
 Temple: D:4-7

Altars:
Dithmenos
Gozag
Nemelex Xobeh
Sif Muna

Annotations:
D:3 exclusion: door, Jessica
D:5 exclusion: downstairs


Message History

The orc priest mumbles some strange prayers to Beogh against you.
Beogh smites you!
The howler monkey hoots and howls with incredible vigour!
The searing ray hits the howler monkey!
You kill the howler monkey!
The searing ray hits the orc.
You kill the orc!
You finish channelling your searing ray.
The orc priest mumbles some strange prayers to Beogh against you.
Beogh smites you!
You swap places.
Casting: Searing Ray (safe; 1% risk of failure)
Confirm with . or Enter, or press ? or * to list all spells.
Aiming: Poisonous Vapours (safe; 1% risk of failure)
Press: ? - help, Dir - move target, f - orc priest
Aim: an orc priest, wielding a +0 whip and wearing a +0 ring mail (ally target) Poisonous vapours surround the orc priest!
The orc priest is poisoned.
The orc priest invokes the aid of Beogh against you.
Beogh smites you!
* * * LOW HITPOINT WARNING * * *
Casting: Poisonous Vapours (safe; 1% risk of failure)
Confirm with . or Enter, or press ? or * to list all spells.
Aiming: Poisonous Vapours (safe; 1% risk of failure)
Press: ? - help, Dir - move target, f/p - orc priest
Aim: an orc priest, wielding a +0 whip and wearing a +0 ring mail (moderately wounded, very poisoned, ally target) Poisonous vapours surround the orc priest!
The orc priest looks as sick as possible!
Your wolf closely misses the orc priest.
Casting: Poisonous Vapours (safe; 1% risk of failure)
Confirm with . or Enter, or press ? or * to list all spells.
Aiming: Poisonous Vapours (safe; 1% risk of failure)
Press: ? - help, Dir - move target, f/p - orc priest
Aim: an orc priest, wielding a +0 whip and wearing a +0 ring mail (moderately wounded, extremely poisoned, ally target) Poisonous vapours surround the orc priest!
The orc priest looks as sick as possible!
Your wolf bites the orc priest.
The orc priest calls down the wrath of Beogh upon you.
Beogh smites you!
You die...

#######...##...(..#
#...........# ##
###....######## .#
#..)...# .#
##.#...##### .#
#..#.......#####
.###.###.####.....#
.................###
...#####.#######@..#
#..# #.# #.#.# ...#
#.# #)# # .... ..#
#)# ...## #..


#oh #...# .# ... #...####.## .... ###........ .... ........... ...... You could
see an orc priest (extremely poisoned, ally target) and a friendly wolf
(summoned).

Vanquished Creatures
  An ice beast (D:5)
  2 black bears
  An ogre (D:5)
  A phantom (D:5)
  4 kobold brigands
  4 scorpions
  2 howler monkeys
  A hound (D:4)
  A jelly (D:4)
  A gnoll bouda (D:6)
  An orc priest (D:3)
  2 iguanas (D:6)
  A sleepcap (D:5)
  An orc wizard (D:3)
  4 gnolls (D:6)
  9 adders
  A white imp (D:5)
  A worm (D:2)
  15 orcs
  6 ball pythons
  9 endoplasms
  6 giant cockroaches
  8 hobgoblins
  5 jackals (D:2)
  3 quokkas
  8 bats
  10 frilled lizards
  8 goblins
  9 kobolds
  7 rats
132 creatures vanquished.

Vanquished Creatures (collateral kills)
  2 kobold demonologists (D:6)
  Grinder (D:6)
  A hound (D:5)
  An orc priest (D:5)
  An orc wizard (D:5)
  3 gnolls (D:6)
  3 orcs
12 creatures vanquished.

Grand Total: 144 creatures vanquished

Notes
Turn   | Place    | Note
-------+----------+-------------------------------------------
     0 | D:1      | jimonade the Deep Elf Conjurer began the quest for the Orb.
     0 | D:1      | Reached XP level 1. HP: 10/10 MP: 6/6
   172 | D:1      | Reached XP level 2. HP: 15/15 MP: 6/8
   785 | D:2      | Reached skill level 5 in Conjurations
   787 | D:2      | Reached XP level 3. HP: 19/19 MP: 6/10
   965 | D:2      | Learned a level 2 spell: Searing Ray
  1510 | D:2      | Reached skill level 4 in Spellcasting
  1510 | D:2      | Reached XP level 4. HP: 24/24 MP: 4/12
  2116 | D:3      | Reached XP level 5. HP: 11/28 MP: 8/14
  2271 | D:3      | Reached skill level 5 in Spellcasting
  2448 | D:3      | Noticed Jessica
  3178 | D:4      | Noticed a black bear
  3186 | D:4      | Killed a black bear
  3187 | D:4      | Reached skill level 1 in Summonings
  3187 | D:4      | Reached XP level 6. HP: 32/32 MP: 7/16
  3667 | D:4      | Found a shadowy altar of Dithmenos.
  3686 | D:4      | Reached skill level 6 in Spellcasting
  3925 | D:4      | Learned a level 3 spell: Call Canine Familiar
  3963 | D:5      | Entered Level 5 of the Dungeon
  4089 | D:5      | Reached XP level 7. HP: 36/36 MP: 11/19
  4357 | D:5      | Reached skill level 7 in Spellcasting
  5094 | D:5      | Learned a level 2 spell: Poisonous Vapours
  5113 | D:6      | Noticed a kobold demonologist
  5134 | D:6      | Noticed Grinder
  5145 | D:6      | Killed Grinder
  5146 | D:6      | Reached skill level 1 in Poison Magic
  5168 | D:6      | Noticed a kobold demonologist
  5188 | D:6      | Killed a kobold demonologist
  5189 | D:6      | Reached skill level 8 in Spellcasting
  5189 | D:6      | Reached skill level 1 in Air Magic
  5189 | D:6      | Reached XP level 8. HP: 36/41 MP: 6/22
  5520 | D:5      | Learned a level 3 spell: Mephitic Cloud
  5799 | D:4      | Learned a level 4 spell: Fulminant Prism
  5804 | D:4      | Learned a level 4 spell: Iskenderun's Mystic Blast
  6110 | D:5      | Reached skill level 5 in Summonings
  6651 | D:5      | Reached skill level 9 in Spellcasting
  7066 | D:5      | Reached skill level 1 in Hexes
  7320 | D:6      | Noticed a smoke demon
  7320 | D:6      | Killed a kobold demonologist
  7321 | D:6      | Reached skill level 1 in Translocations
  7321 | D:6      | Reached XP level 9. HP: 45/45 MP: 11/24
  7534 | D:6      | Found a shimmering blue altar of Sif Muna.
  7904 | D:6      | Found a sparkling altar of Nemelex Xobeh.
  7905 | D:6      | Found an opulent altar of Gozag.
  7989 | D:6      | Killed from afar by an orc priest

Illustrated notes

Levels and vault maps discovered:
D:1:      dpeg_arrival_long_road, layout_rooms
D:2:      layout_loops_cross, minmay_ruptured
D:3:      layout_loops_ring, hangedman_decor_lopped, kennysheep_jessica_study,
          uniq_jessica
D:4:      layout_loops_corners, nicolae_dithmenos_the_darkroom,
          hangedman_abyss_or_decor_stabs
D:5:      layout_gridville, grunt_decor_junction
D:6:      layout_rooms, grunt_temple_overflow_opulence,
          mainiacjoe_overflow_alcove_2, nicolae_overflow_crystal_walls,
          serial_glass, glass_columns_b, glass_columns_a, minmay_lizard_king,
          uniq_grinder

Skill      XL: |  1  2  3  4  5  6  7  8  9 |
---------------+----------------------------+-----
Conjurations   | 5 6 7 |  7.9
Spellcasting   | 4 5 6 8 9 |  9.5
Dodging        | 3 |  3.9
Summonings     | 1 2 4 5 |  5.6
Poison Magic   | 2 3 |  3.4
Air Magic      | 1 2 3 |  3.0
Hexes          | 1 2 |  2.0
Translocations | 1 |  1.9
Fighting       | |  0.3
Stealth        | |  2.5
Evocations     | |  0.4

Action                     |  1- 3 |  4- 6 |  7- 9 || total
---------------------------+-------+-------+-------++-------
  Melee: Unarmed           |     4 |       |       ||     4
         Staff             |       |     4 |     9 ||    13
   Cast: Magic Dart        |    78 |    65 |    41 ||   184
         Searing Ray       |     2 |    12 |    33 ||    47
         Call Canine Famil |       |     1 |    23 ||    24
         Poisonous Vapours |       |       |    32 ||    32
         Mephitic Cloud    |       |       |     1 ||     1
  Evoke: Wand              |       |       |     2 ||     2
    Use: Scroll            |       |     1 |     1 ||     2
 Armour: Robe              |     8 |     8 |     6 ||    22
  Dodge: Dodged            |    19 |    20 |    36 ||    75
         Repelled          |       |       |     2 ||     2
